 Dungeon Crawl Stone Soup version 0.31-a0-995-g04711c9635 (webtiles) character file.

Game seed: 18392449890471298271

(classic levelgen) 320 Amnesiac the Magician (level 6, 0/40 HPs)
             Began as a Djinni Fire Elementalist on Nov 7, 2023.
             Slain by a black bear (3 damage)
             ... on level 4 of the Dungeon.
             The game lasted 00:04:14 (1128 turns).

Amnesiac the Magician (Djinni Fire Elementalist)    Turns: 1128, Time: 00:04:15

Health: 0/40       AC:  2    Str:  7    XL:     6   Next: 75%
Gold:   83         EV: 12    Int: 19    God:
                   SH:  0    Dex: 13

rFire   + + .        (no weapon)
rCold   x . .        (no shield)
rNeg    . . .        a - +0 robe
rPois   ∞            (no helmet)
rElec   .            (no cloak)
rCorr   .            (no gloves)
SInv    +            (boots unavailable)
Will    .....        b - amulet of faith
Stlth   ++           f - ring of see invisible
HPRegen 0.26/turn    (no ring)
MPRegen 0.00/turn

%: faith, infuse magic (-1 HP)
@: flying
A: sickness immunity, fire resistance 2, cold vulnerability 1, float, innate
caster, HP casting, extra vitality 1
a: no special abilities


You were on level 4 of the Dungeon.
You visited 1 branch of the dungeon, and saw 6 of its levels.

You collected 83 gold pieces.

Inventory:

Armour
 a - a +0 robe (worn)
Jewellery
 b - an amulet of faith (around neck)
 f - a ring of see invisible (left hand)
Scrolls
 d - 4 scrolls of identify {!r, unknown}
 h - a scroll of teleportation {!r, unknown}
 j - a scroll of immolation {!r, unknown}
Potions
 c - a potion of mutation {!q, unknown}
 e - a potion of enlightenment {!q, unknown}
 g - 2 potions of berserk rage {!q, unknown}
 i - a potion of heal wounds {!q, unknown}


   Skills:
 - Level 2.1 Dodging
 - Level 1.5 Stealth
 + Level 5.6 Spellcasting
 + Level 5.6 Conjurations
 + Level 5.6 Hexes
   Level 0.0 Charms
 + Level 5.6 Summonings
 + Level 5.6 Necromancy
 + Level 5.6 Translocations
 + Level 5.6 Transmutations
 + Level 5.6 Fire Magic
 + Level 5.6 Ice Magic
 + Level 5.6 Air Magic
 + Level 5.6 Earth Magic
 + Level 5.6 Poison Magic


You knew the following spells:

 Your Spells              Type           Power      Damage    Failure   Level
a - Scorch                Fire           52%        2d7       1%          2
b - Foxfire               Conj/Fire      100%       2x1d9     1%          1
c - Volatile Blastmotes   Fire/Tloc      52%        2d14      3%          3
d - Inner Flame           Hex/Fire       26%        N/A       3%          3
e - Flame Wave            Conj/Fire      26%        2d8       12%         4
f - Apportation           Tloc           52%        N/A       1%          1
g - Call Imp              Summ           52%        N/A       1%          2
Your spell library was empty.

Dungeon Overview and Level Annotations

Branches:
Dungeon (6/15)
 Temple: D:4-7

Altars:
Fedhas


Innate Abilities, Weirdness & Mutations

You are immune to sickness and miasma.
You are immune to poison.
Your flesh is very heat resistant. (rF++)
You are vulnerable to cold. (rC-)
You float through the air rather than walking.
You learn spells naturally, not from books.
Your magical power is your life essence.
You have superior vitality. (+4 MHP)


Message History

The orc wizard mumbles some strange words.
The orc wizard flickers and vanishes for a moment.
Casting: Scorch (safe; 1% risk of failure)
Confirm with . or Enter, or press ? or * to list all spells.
Flames lash the orc wizard.
The orc wizard is heavily wounded.
The orc wizard's fire resistance burns away.
* * * LOW HITPOINT WARNING * * *
Casting: Scorch (safe; 1% risk of failure)
Confirm with . or Enter, or press ? or * to list all spells.
Flames lash the orc wizard.
The orc wizard is burned terribly!
You kill the orc wizard!
* * * LOW HITPOINT WARNING * * *
There is a stone staircase leading down here.
You fly downwards.
There is a stone staircase leading up here.
You start resting.
HP restored.
You fly upwards.
The black bear bites you. The black bear barely misses you.
The black bear claws you. The black bear barely misses you.
The black bear claws you. The black bear misses you.
There is a stone staircase leading down here.
Casting: Scorch (safe; 1% risk of failure)
Confirm with . or Enter, or press ? or * to list all spells.
You conjure some foxfire!
The black bear completely misses you. The black bear claws you. x2
Your foxfire dissipates!
The foxfire hits the black bear.
The black bear is lightly wounded.
Casting: Foxfire (safe; 1% risk of failure)
Confirm with . or Enter, or press ? or * to list all spells.
Okay, then.
Casting: Foxfire (safe; 1% risk of failure)
Confirm with . or Enter, or press ? or * to list all spells.
Casting: Flame Wave (quite dangerous; 12% risk of failure)
Press: ? - help, Dir - look around, f - activate A wave of flame ripples out!
The flame wave engulfs the black bear!
The black bear is moderately wounded. (Press . to intensify the flame waves.)
You hear an angry hiss.
The black bear barely misses you. The black bear claws you.
* * * LOW HITPOINT WARNING * * *
The black bear claws you.
* * * LOW HITPOINT WARNING * * *
Casting: Flame Wave (quite dangerous; 12% risk of failure)
Confirm with . or Enter, or press ? or * to list all spells.
Flames lash the black bear.
The black bear is heavily wounded.
The black bear's fire resistance burns away.
* * * LOW HITPOINT WARNING * * *
The black bear bites you.
* * * LOW HITPOINT WARNING * * *
The black bear claws you.
* * * LOW HITPOINT WARNING * * *
The black bear claws you but does no damage.
Casting: Scorch (safe; 1% risk of failure)
Confirm with . or Enter, or press ? or * to list all spells.
Flames lash the black bear.
The black bear is burned terribly!
The black bear is almost dead.
* * * LOW HITPOINT WARNING * * *
The black bear bites you.
* * * LOW HITPOINT WARNING * * *
The black bear claws you.
You die...

...# ## ...##
####. #....#
....####..##.##
####.............
#?............###
#.....>..........
#....)...[$...##.
#.......@h[......
#.......).....##.
#.............#
#....=#########
######


You could see a black bear (combustible).

Vanquished Creatures
  A water moccasin (D:6)
  A scorpion (D:6)
  An orc priest (D:4)
  A sleepcap (D:4)
  An orc wizard (D:4)
  3 adders
  2 ufetubi (D:6)
  A worm (D:3)
  3 orcs (D:4)
  A bat (D:2)
  2 endoplasms (D:1)
  3 giant cockroaches
  3 goblins
  6 hobgoblins
  3 jackals (D:1)
  A quokka (D:1)
  6 ball pythons
  A frilled lizard (D:1)
  2 kobolds (D:2)
  3 rats
45 creatures vanquished.

Vanquished Creatures (others)
  32 foxfires
32 creatures vanquished.

Grand Total: 77 creatures vanquished

Notes
Turn   | Place    | Note
-------+----------+-------------------------------------------
     0 | D:1      | Amnesiac the Djinni Fire Elementalist began the quest for
                  | the Orb.
     0 | D:1      | Amnesiac set off with the following spells memorised:
                  | Foxfire, Scorch, Volatile Blastmotes, Inner Flame, Flame
                  | Wave.
     0 | D:1      | Reached XP level 1. HP: 15/15 MP: 0/0
   111 | D:1      | Reached XP level 2. HP: 17/21 MP: 0/0
   420 | D:2      | Reached XP level 3. HP: 12/25 MP: 0/0
   420 | D:2      | Learned a level 1 spell: Apportation
   621 | D:2      | Reached XP level 4. HP: 24/31 MP: 0/0
   661 | D:3      | Found a faded altar of an unknown god.
   665 | D:3      | Found a blossoming altar of Fedhas.
   811 | D:4      | You are sucked into a shaft and drop 2 floors!
   815 | D:6      | Noticed a water moccasin
   816 | D:6      | Noticed a scorpion
   819 | D:6      | Killed a water moccasin
   820 | D:6      | Reached skill level 5 in Spellcasting
   820 | D:6      | Reached skill level 5 in Conjurations
   820 | D:6      | Reached skill level 5 in Hexes
   820 | D:6      | Reached skill level 5 in Summonings
   820 | D:6      | Reached skill level 5 in Necromancy
   820 | D:6      | Reached skill level 5 in Translocations
   820 | D:6      | Reached skill level 5 in Transmutations
   820 | D:6      | Reached skill level 5 in Fire Magic
   820 | D:6      | Reached skill level 5 in Ice Magic
   820 | D:6      | Reached skill level 5 in Air Magic
   820 | D:6      | Reached skill level 5 in Earth Magic
   820 | D:6      | Reached skill level 5 in Poison Magic
   820 | D:6      | Reached XP level 5. HP: 13/35 MP: 0/0
   820 | D:6      | Learned a level 2 spell: Call Imp
   820 | D:6      | Reached XP level 6. HP: 15/40 MP: 0/0
  1005 | D:5      | Entered Level 5 of the Dungeon
  1029 | D:4      | Noticed a black bear
  1128 | D:4      | Slain by a black bear

Illustrated notes

Levels and vault maps discovered:
D:1:      enne_arrival_octagon_isle, layout_loops_ring, reono_crystal_passage,
          minmay_liquid_box
D:2:      layout_rooms, nicolae_grassy_gnolls
D:3:      layout_basic, nicolae_ru_awakened_eye,
          nicolae_overflow_ecumenical_swirl,
          hellmonk_ecumenical_altar_leap_of_faith, uniq_jessica
D:4:      layout_rooms, kennysheep_mini_moat, overflow_temple_1_default,
          uniq_eustachio
D:5:      layout_loops_ring, zin_statuary, nemelex_dance_club_becter,
          mainiacjoe_overflow_tiny_flanked, mainiacjoe_overflow_swirl,
          uniq_blork_the_orc
D:6:      layout_loops_ring, nicolae_tso_carved_into_rock,
          minmay_temple_entry_enclosed_plants, lemuel_flame_loot_1

Skill      XL: |  1  2  3  4 |
---------------+-------------+-----
Spellcasting   | 5 |  5.6
Conjurations   | 5 |  5.6
Hexes          | 5 |  5.6
Summonings     | 5 |  5.6
Necromancy     | 5 |  5.6
Translocations | 5 |  5.6
Transmutations | 5 |  5.6
Fire Magic     | 5 |  5.6
Ice Magic      | 5 |  5.6
Air Magic      | 5 |  5.6
Earth Magic    | 5 |  5.6
Poison Magic   | 5 |  5.6
Dodging        | |  2.1
Stealth        | |  1.5

Action                     |  1- 3 |  4- 6 || total
---------------------------+-------+-------++-------
  Melee: Unarmed           |     2 |       ||     2
   Cast: Foxfire           |    23 |     2 ||    25
         Scorch            |    18 |    34 ||    52
         Flame Wave        |       |     1 ||     1
         Volatile Blastmot |       |     1 ||     1
 Armour: Robe              |     5 |    17 ||    22
  Dodge: Dodged            |    11 |    18 ||    29

Table legend: (Time is in decaauts)
 A = Elapsed time spent in this place.
 B = Non-inter-level travel time spent in this place.
 C = Inter-level travel time spent in this place.
 D = Time resting spent in this place.
 E = Time spent auto-exploring this place.
 F = Levels seen in this place.
 G = Mean time per level.
                   A        B        C        D        E       F      G
               +--------+--------+--------+--------+--------+-----+--------+
         Total |   1128 |   1083 |     45 |    294 |    526 |   6 |  188.0 |
       Dungeon |   1128 |   1083 |     45 |    294 |    526 |   6 |  188.0 |
               +--------+--------+--------+--------+--------+-----+--------+

Top non-repeatable levels by time:
     D:1: 507 daAuts
     D:6: 193 daAuts
     D:2: 121 daAuts
     D:3: 113 daAuts
     D:4: 96 daAuts
     D:5: 95 daAuts
